[ PARTIDA AOE2 · #481800113 ]
UnrankedVikingos vs Burgundians
[ ANÁLISIS DE REPETICIÓN · EXTRAÍDO DE LA PARTIDA GRABADA ]
Feudal
10:41
Castillos
14:28
Imperial
—
| APM promedio | 41.9 |
| APM pico | 82 |
| eAPM promedio | 21.3 |
| Aldeanos / militares | 109 / 1 |
Foco
⚔️ 10.8% · 🌾 89.2%
Monk ×1
Feudal
13:04
Castillos
16:43
Imperial
—
| APM promedio | 24.3 |
| APM pico | 38 |
| eAPM promedio | 15.0 |
| Aldeanos / militares | 85 / 1 |
Foco
⚔️ 17.0% · 🌾 83.0%
Mangonel ×1
Feudal
11:50
Castillos
17:05
Imperial
—
| APM promedio | 18.5 |
| APM pico | 32 |
| eAPM promedio | 12.8 |
| Aldeanos / militares | 70 / 0 |
Foco
⚔️ 6.6% · 🌾 93.4%
Fishing Ship ×10
Feudal
11:50
Castillos
15:34
Imperial
—
| APM promedio | 43.1 |
| APM pico | 67 |
| eAPM promedio | 23.4 |
| Aldeanos / militares | 91 / 0 |
Foco
⚔️ 16.9% · 🌾 83.1%
Fishing Ship ×23
Feudal
12:47
Castillos
16:48
Imperial
—
| APM promedio | 34.2 |
| APM pico | 58 |
| eAPM promedio | 15.9 |
| Aldeanos / militares | 55 / 6 |
Foco
⚔️ 21.4% · 🌾 78.6%
Coustillier ×4 · Monk ×1 · Battering Ram ×1
Feudal
14:21
Castillos
18:20
Imperial
—
| APM promedio | 34.3 |
| APM pico | 87 |
| eAPM promedio | 16.4 |
| Aldeanos / militares | 87 / 2 |
Foco
⚔️ 9.5% · 🌾 90.5%
Fishing Ship ×7 · Monk ×2
Feudal
10:43
Castillos
14:30
Imperial
—
| APM promedio | 24.9 |
| APM pico | 56 |
| eAPM promedio | 13.2 |
| Aldeanos / militares | 94 / 1 |
Foco
⚔️ 7.8% · 🌾 92.2%
Monk ×1
Feudal
13:08
Castillos
—
Imperial
—
| APM promedio | 12.5 |
| APM pico | 31 |
| eAPM promedio | 6.7 |
| Aldeanos / militares | 30 / 13 |
Foco
⚔️ 20.5% · 🌾 79.5%
Spearman ×13
Mapa de la partida
Recursos iniciales + cada clic de construcción. Líneas = muros · curvas = relieve. ◆ oro · ⬟ piedra · ● bayas · ✦ reliquia · ◌ hueco del cierre
Tu base· ✓ Cerrada en 14:28 · 0t muro · sin puerta
Base de huanhong· ✓ Cerrada en 16:43 · 25t muro · sin puerta
Base de dtsadi· ✓ Cerrada en 17:05 · 31t muro · sin puerta
Base de gakkin· ✓ Cerrada en 15:34 · 0t muro · sin puerta
Base de 星馬烈· ✓ Cerrada en 16:48 · 16t muro · sin puerta
Base de man· ✓ Cerrada en 18:20 · 19t muro · 1 puerta(s)
Base de HypeX· ✓ Cerrada en 14:30 · 10t muro · sin puerta
Base de 胡· ✓ Cerrada en 19:51 · 45t muro · sin puerta
Terreno inicial suavizado · ◌ = hueco del cierre detectado · pasá el cursor para detalles
Inputs por minuto
— Rizzy-Woo - - huanhong
Build order — Rizzy-Woo
Primeras 150 de 190 acciones detectadas
| 0:02 | Crear | Villager (Male) |
| 0:03 | Construir | House |
| 0:04 | Construir | House |
| 0:12 | Crear | Villager (Male) |
| 0:12 | Crear | Villager (Male) |
| 0:12 | Crear | Villager (Male) |
| 1:35 | Crear | Villager (Male) |
| 2:01 | Crear | Villager (Male) |
| 2:01 | Crear | Villager (Male) |
| 2:13 | Construir | Lumber Camp |
| 2:19 | Crear | Villager (Male) |
| 2:42 | Crear | Villager (Male) |
| 2:59 | Crear | Villager (Male) |
| 2:59 | Crear | Villager (Male) |
| 3:48 | Crear | Villager (Male) |
| 3:56 | Crear | Villager (Male) |
| 3:59 | Construir | House |
| 4:24 | Crear | Villager (Male) |
| 4:40 | Crear | Villager (Male) |
| 5:15 | Crear | Villager (Male) |
| 5:16 | Crear | Villager (Male) |
| 5:40 | Crear | Villager (Male) |
| 5:40 | Crear | Villager (Male) |
| 6:14 | Construir | House |
| 6:20 | Crear | Villager (Male) |
| 6:29 | Crear | Villager (Male) |
| 6:30 | Crear | Villager (Male) |
| 6:42 | Crear | Villager (Male) |
| 6:42 | Crear | Villager (Male) |
| 6:56 | Construir | Mill |
| 7:39 | Crear | Villager (Male) |
| 7:45 | Construir | House |
| 7:54 | Crear | Villager (Male) |
| 7:55 | Crear | Villager (Male) |
| 8:31 | Investigar | Feudal Age |
| 8:35 | Construir | Mining Camp |
| 10:35 | Crear | Villager (Male) |
| 10:41 | Edad | Edad Feudal |
| 10:43 | Construir | Market |
| 10:46 | Construir | Blacksmith |
| 10:47 | Crear | Villager (Male) |
| 11:35 | Crear | Villager (Male) |
| 11:48 | Investigar | Castle Age |
| 12:19 | Investigar | Double-Bit Axe |
| 13:17 | Construir | House |
| 13:21 | Crear | Villager (Male) |
| 13:27 | Investigar | Horse Collar |
| 14:28 | Edad | Edad de los Castillos |
| 14:32 | Construir | Town Center |
| 14:37 | Construir | Town Center |
| 14:38 | Crear | Villager (Male) |
| 14:56 | Crear | Villager (Male) |
| 15:04 | Construir | Farm |
| 15:46 | Crear | Villager (Male) |
| 15:46 | Crear | Villager (Male) |
| 15:46 | Crear | Villager (Male) |
| 16:02 | Crear | Villager (Male) |
| 16:11 | Crear | Villager (Male) |
| 16:13 | Crear | Villager (Male) |
| 16:14 | Investigar | Bow Saw |
| 16:21 | Construir | Farm |
| 16:22 | Crear | Villager (Male) |
| 16:38 | Construir | Farm |
| 16:39 | Construir | Farm |
| 16:40 | Construir | Farm |
| 16:45 | Construir | Farm |
| 16:55 | Construir | Farm |
| 17:00 | Crear | Villager (Male) |
| 17:00 | Crear | Villager (Male) |
| 17:07 | Construir | House |
| 17:08 | Crear | Villager (Male) |
| 17:09 | Crear | Villager (Male) |
| 17:20 | Construir | Farm |
| 17:23 | Construir | Farm |
| 17:30 | Crear | Villager (Male) |
| 17:30 | Crear | Villager (Male) |
| 17:31 | Crear | Villager (Male) |
| 17:31 | Crear | Villager (Male) |
| 17:35 | Construir | Farm |
| 17:39 | Construir | Farm |
| 17:42 | Construir | House |
| 17:44 | Crear | Villager (Male) |
| 17:57 | Construir | Farm |
| 18:03 | Construir | Farm |
| 18:04 | Construir | Farm |
| 18:05 | Crear | Villager (Male) |
| 18:05 | Crear | Villager (Male) |
| 18:10 | Crear | Villager (Male) |
| 18:10 | Crear | Villager (Male) |
| 18:10 | Crear | Villager (Male) |
| 18:13 | Construir | House |
| 18:14 | Construir | House |
| 18:22 | Crear | Villager (Male) |
| 18:22 | Crear | Villager (Male) |
| 18:26 | Construir | Farm |
| 18:28 | Crear | Villager (Male) |
| 18:28 | Crear | Villager (Male) |
| 18:37 | Construir | Farm |
| 18:41 | Crear | Villager (Male) |
| 18:41 | Crear | Villager (Male) |
| 18:45 | Construir | Farm |
| 18:52 | Construir | Farm |
| 18:57 | Construir | Farm |
| 18:58 | Crear | Villager (Male) |
| 19:01 | Construir | Farm |
| 19:02 | Crear | Villager (Male) |
| 19:05 | Construir | Farm |
| 19:06 | Construir | Farm |
| 19:07 | Crear | Villager (Male) |
| 19:07 | Crear | Villager (Male) |
| 19:11 | Construir | Farm |
| 19:16 | Crear | Villager (Male) |
| 19:17 | Crear | Villager (Male) |
| 19:19 | Construir | House |
| 19:21 | Construir | House |
| 19:22 | Crear | Villager (Male) |
| 19:30 | Crear | Villager (Male) |
| 19:31 | Investigar | Heavy Plow |
| 19:51 | Crear | Villager (Male) |
| 20:03 | Crear | Villager (Male) |
| 20:04 | Crear | Villager (Male) |
| 20:13 | Construir | Town Center |
| 20:14 | Crear | Villager (Male) |
| 20:14 | Crear | Villager (Male) |
| 20:27 | Crear | Villager (Male) |
| 20:28 | Crear | Villager (Male) |
| 20:41 | Crear | Villager (Male) |
| 20:49 | Crear | Villager (Male) |
| 21:04 | Construir | Town Center |
| 21:05 | Crear | Villager (Male) |
| 21:05 | Crear | Villager (Male) |
| 21:05 | Crear | Villager (Male) |
| 21:15 | Investigar | Stone Mining |
| 21:16 | Crear | Villager (Male) |
| 21:21 | Construir | Farm |
| 21:22 | Construir | Farm |
| 21:27 | Construir | Farm |
| 21:27 | Construir | Farm |
| 21:29 | Crear | Villager (Male) |
| 21:32 | Construir | Farm |
| 21:33 | Construir | Farm |
| 21:35 | Crear | Villager (Male) |
| 21:43 | Investigar | Gold Mining |
| 21:44 | Crear | Villager (Male) |
| 21:49 | Construir | House |
| 21:50 | Construir | House |
| 21:52 | Crear | Villager (Male) |
| 21:52 | Crear | Villager (Male) |
| 22:02 | Construir | Town Center |
| 22:09 | Crear | Villager (Male) |
Build order — huanhong
Primeras 150 de 171 acciones detectadas
| 0:01 | Crear | Villager (Male) |
| 0:01 | Crear | Villager (Male) |
| 0:02 | Crear | Villager (Male) |
| 0:04 | Construir | House |
| 0:06 | Construir | House |
| 0:46 | Crear | Villager (Male) |
| 0:47 | Investigar | Loom |
| 1:16 | Crear | Villager (Male) |
| 1:33 | Crear | Villager (Male) |
| 2:16 | Construir | Palisade Wall |
| 2:26 | Crear | Villager (Male) |
| 2:40 | Crear | Villager (Male) |
| 3:36 | Crear | Villager (Male) |
| 3:36 | Crear | Villager (Male) |
| 3:36 | Crear | Villager (Male) |
| 3:42 | Construir | Palisade Wall |
| 4:11 | Construir | Lumber Camp |
| 4:18 | Construir | Outpost |
| 4:22 | Crear | Villager (Male) |
| 4:58 | Crear | Villager (Male) |
| 5:26 | Construir | House |
| 5:46 | Crear | Villager (Male) |
| 5:55 | Construir | House |
| 6:14 | Crear | Villager (Male) |
| 6:30 | Construir | House |
| 6:40 | Crear | Villager (Male) |
| 6:53 | Crear | Villager (Male) |
| 7:31 | Crear | Villager (Male) |
| 7:32 | Crear | Villager (Male) |
| 7:32 | Crear | Villager (Male) |
| 7:33 | Crear | Villager (Male) |
| 8:21 | Crear | Villager (Male) |
| 8:36 | Crear | Villager (Male) |
| 8:37 | Crear | Villager (Male) |
| 8:57 | Construir | Mill |
| 9:21 | Crear | Villager (Male) |
| 10:25 | Crear | Villager (Male) |
| 10:25 | Crear | Villager (Male) |
| 10:25 | Crear | Villager (Male) |
| 10:30 | Construir | Mining Camp |
| 10:54 | Investigar | Feudal Age |
| 11:53 | Construir | House |
| 12:38 | Crear | Villager (Male) |
| 12:38 | Crear | Villager (Male) |
| 13:04 | Edad | Edad Feudal |
| 13:06 | Investigar | Double-Bit Axe |
| 13:10 | Construir | Market |
| 13:15 | Construir | Blacksmith |
| 13:47 | Construir | Lumber Camp |
| 14:03 | Investigar | Castle Age |
| 14:12 | Construir | Mining Camp |
| 14:20 | Construir | Stone Wall |
| 14:23 | Construir | Stone Wall |
| 14:32 | Construir | House |
| 14:33 | Construir | House |
| 14:38 | Investigar | Horse Collar |
| 14:46 | Crear | Villager (Male) |
| 14:49 | Crear | Villager (Male) |
| 14:49 | Crear | Villager (Male) |
| 15:02 | Construir | Farm |
| 15:02 | Construir | Farm |
| 15:08 | Construir | Farm |
| 15:09 | Construir | Farm |
| 15:11 | Construir | Farm |
| 15:50 | Construir | Farm |
| 15:53 | Construir | Farm |
| 16:31 | Crear | Villager (Male) |
| 16:43 | Edad | Edad de los Castillos |
| 16:45 | Investigar | Bow Saw |
| 16:48 | Construir | Town Center |
| 16:55 | Construir | Town Center |
| 17:11 | Construir | Farm |
| 17:21 | Construir | Farm |
| 17:30 | Construir | Farm |
| 17:31 | Crear | Villager (Male) |
| 17:33 | Crear | Villager (Male) |
| 17:48 | Construir | House |
| 17:50 | Construir | House |
| 18:00 | Crear | Villager (Male) |
| 18:00 | Crear | Villager (Male) |
| 18:03 | Construir | Farm |
| 18:15 | Crear | Villager (Male) |
| 18:31 | Crear | Villager (Male) |
| 18:34 | Construir | Farm |
| 18:35 | Construir | Farm |
| 18:36 | Crear | Villager (Male) |
| 18:36 | Crear | Villager (Male) |
| 18:41 | Crear | Villager (Male) |
| 18:42 | Crear | Villager (Male) |
| 19:04 | Construir | Stone Wall |
| 19:09 | Construir | Stone Wall |
| 19:11 | Construir | Stone Wall |
| 19:12 | Crear | Villager (Male) |
| 19:12 | Crear | Villager (Male) |
| 19:21 | Construir | Farm |
| 19:26 | Construir | Farm |
| 19:27 | Construir | Farm |
| 19:28 | Construir | Farm |
| 19:31 | Construir | Farm |
| 19:32 | Crear | Villager (Male) |
| 19:41 | Construir | House |
| 19:42 | Construir | House |
| 19:43 | Construir | House |
| 19:47 | Construir | Farm |
| 19:54 | Crear | Villager (Male) |
| 19:56 | Construir | Farm |
| 19:58 | Crear | Villager (Male) |
| 19:58 | Crear | Villager (Male) |
| 20:06 | Crear | Villager (Male) |
| 20:07 | Crear | Villager (Male) |
| 20:08 | Crear | Villager (Male) |
| 20:15 | Construir | Farm |
| 20:24 | Crear | Villager (Male) |
| 20:37 | Construir | Siege Workshop |
| 20:40 | Crear | Villager (Male) |
| 20:41 | Crear | Villager (Male) |
| 20:44 | Construir | Farm |
| 20:46 | Crear | Villager (Male) |
| 20:54 | Construir | House |
| 20:55 | Crear | Villager (Male) |
| 21:08 | Crear | Villager (Male) |
| 21:13 | Construir | Farm |
| 21:14 | Construir | Farm |
| 21:15 | Construir | Farm |
| 21:27 | Construir | Stone Wall |
| 21:31 | Construir | Stone Wall |
| 21:33 | Construir | Gate |
| 21:36 | Crear | Villager (Male) |
| 21:36 | Crear | Villager (Male) |
| 21:36 | Crear | Villager (Male) |
| 21:37 | Crear | Villager (Male) |
| 21:38 | Crear | Villager (Male) |
| 21:38 | Crear | Villager (Male) |
| 21:38 | Crear | Villager (Male) |
| 21:41 | Construir | Farm |
| 21:41 | Construir | Farm |
| 21:49 | Investigar | Wheelbarrow |
| 21:52 | Construir | Farm |
| 22:01 | Crear | Mangonel |
| 22:06 | Crear | Villager (Male) |
| 22:06 | Crear | Villager (Male) |
| 22:10 | Construir | Farm |
| 22:12 | Construir | Farm |
| 22:16 | Construir | Farm |
| 22:22 | Construir | Farm |
| 22:23 | Crear | Villager (Male) |
| 22:23 | Crear | Villager (Male) |
| 22:28 | Crear | Villager (Male) |
| 22:29 | Crear | Villager (Male) |
| 22:39 | Construir | Farm |
Build order — dtsadi
Primeras 150 de 175 acciones detectadas
| 0:02 | Crear | Villager (Male) |
| 0:02 | Crear | Villager (Male) |
| 0:03 | Construir | House |
| 0:04 | Construir | House |
| 0:16 | Investigar | Loom |
| 0:17 | Crear | Villager (Male) |
| 0:17 | Crear | Villager (Male) |
| 1:32 | Crear | Villager (Male) |
| 1:32 | Crear | Villager (Male) |
| 2:22 | Crear | Villager (Male) |
| 2:34 | Crear | Villager (Male) |
| 3:00 | Construir | Palisade Wall |
| 3:02 | Construir | Palisade Wall |
| 3:10 | Crear | Villager (Male) |
| 3:10 | Crear | Villager (Male) |
| 3:24 | Construir | Palisade Wall |
| 3:59 | Construir | Palisade Wall |
| 4:01 | Construir | Palisade Wall |
| 4:02 | Crear | Villager (Male) |
| 4:03 | Crear | Villager (Male) |
| 4:06 | Construir | House |
| 4:29 | Crear | Villager (Male) |
| 4:41 | Construir | Palisade Wall |
| 4:56 | Construir | Lumber Camp |
| 5:23 | Crear | Villager (Male) |
| 5:24 | Crear | Villager (Male) |
| 5:24 | Crear | Villager (Male) |
| 5:47 | Construir | House |
| 5:49 | Construir | House |
| 6:20 | Crear | Villager (Male) |
| 6:20 | Crear | Villager (Male) |
| 6:20 | Crear | Villager (Male) |
| 6:21 | Crear | Villager (Male) |
| 6:34 | Construir | House |
| 6:57 | Crear | Villager (Male) |
| 6:59 | Construir | Mill |
| 7:27 | Crear | Villager (Male) |
| 7:27 | Crear | Villager (Male) |
| 7:48 | Crear | Villager (Male) |
| 7:49 | Crear | Villager (Male) |
| 8:06 | Crear | Villager (Male) |
| 8:06 | Crear | Villager (Male) |
| 8:34 | Construir | Dock |
| 8:36 | Construir | House |
| 8:56 | Construir | Mining Camp |
| 9:32 | Crear | Fishing Ship |
| 9:32 | Crear | Fishing Ship |
| 9:35 | Construir | House |
| 9:40 | Investigar | Feudal Age |
| 9:54 | Construir | House |
| 10:14 | Construir | House |
| 10:21 | Construir | Mill |
| 10:38 | Construir | House |
| 11:19 | Crear | Fishing Ship |
| 11:19 | Crear | Fishing Ship |
| 11:23 | Crear | Villager (Male) |
| 11:23 | Crear | Villager (Male) |
| 11:50 | Edad | Edad Feudal |
| 11:52 | Crear | Villager (Male) |
| 11:56 | Investigar | Double-Bit Axe |
| 12:00 | Construir | Market |
| 12:16 | Crear | Villager (Male) |
| 13:00 | Crear | Villager (Male) |
| 13:20 | Construir | Blacksmith |
| 13:42 | Construir | Stone Wall |
| 13:53 | Crear | Villager (Male) |
| 14:10 | Construir | Stone Wall |
| 14:25 | Investigar | Castle Age |
| 14:26 | Investigar | Castle Age |
| 14:26 | Investigar | Castle Age |
| 14:36 | Construir | Mining Camp |
| 14:40 | Crear | Fishing Ship |
| 14:41 | Crear | Fishing Ship |
| 14:56 | Investigar | Double-Bit Axe |
| 14:59 | Investigar | Horse Collar |
| 15:40 | Crear | Fishing Ship |
| 16:06 | Construir | House |
| 16:08 | Construir | House |
| 16:26 | Construir | Fish Trap |
| 16:30 | Crear | Villager (Male) |
| 16:31 | Crear | Villager (Male) |
| 16:50 | Construir | Fish Trap |
| 16:52 | Crear | Villager (Male) |
| 17:05 | Edad | Edad de los Castillos |
| 17:19 | Construir | Town Center |
| 17:36 | Crear | Villager (Male) |
| 17:50 | Investigar | Bow Saw |
| 18:07 | Crear | Fishing Ship |
| 18:07 | Crear | Fishing Ship |
| 18:09 | Crear | Villager (Male) |
| 18:09 | Crear | Villager (Male) |
| 18:09 | Crear | Villager (Male) |
| 18:10 | Crear | Villager (Male) |
| 18:11 | Crear | Villager (Male) |
| 18:11 | Crear | Villager (Male) |
| 18:12 | Crear | Villager (Male) |
| 18:14 | Crear | Villager (Male) |
| 18:30 | Construir | Fish Trap |
| 18:41 | Investigar | Heavy Plow |
| 18:47 | Crear | Fishing Ship |
| 19:00 | Crear | Villager (Male) |
| 19:12 | Construir | Farm |
| 19:12 | Construir | Farm |
| 19:12 | Construir | Farm |
| 19:12 | Construir | Farm |
| 19:12 | Construir | Farm |
| 19:12 | Construir | Farm |
| 19:12 | Construir | Farm |
| 19:12 | Construir | Farm |
| 19:12 | Construir | Farm |
| 19:17 | Construir | Farm |
| 19:41 | Construir | Fish Trap |
| 19:49 | Construir | Fish Trap |
| 19:52 | Crear | Villager (Male) |
| 19:59 | Construir | Fish Trap |
| 20:06 | Construir | Fish Trap |
| 20:14 | Construir | Fish Trap |
| 20:15 | Crear | Villager (Male) |
| 20:15 | Crear | Villager (Male) |
| 20:27 | Crear | Villager (Male) |
| 20:28 | Crear | Villager (Male) |
| 20:41 | Construir | Town Center |
| 20:48 | Construir | Farm |
| 20:48 | Construir | Farm |
| 20:48 | Construir | Farm |
| 20:48 | Construir | Farm |
| 20:48 | Construir | Farm |
| 20:48 | Construir | Farm |
| 20:48 | Construir | Farm |
| 20:48 | Construir | Farm |
| 20:48 | Construir | Farm |
| 20:51 | Construir | Farm |
| 20:58 | Construir | Farm |
| 20:58 | Construir | Farm |
| 20:58 | Construir | Farm |
| 20:58 | Construir | Farm |
| 20:58 | Construir | Farm |
| 20:58 | Construir | Farm |
| 20:58 | Construir | Farm |
| 20:58 | Construir | Farm |
| 20:58 | Construir | Farm |
| 21:02 | Construir | Farm |
| 21:07 | Crear | Villager (Male) |
| 21:08 | Crear | Villager (Male) |
| 21:08 | Crear | Villager (Male) |
| 21:14 | Crear | Villager (Male) |
| 21:24 | Construir | Farm |
| 21:24 | Construir | Farm |
| 21:24 | Construir | Farm |
| 21:24 | Construir | Farm |
Build order — gakkin
Primeras 150 de 208 acciones detectadas
| 0:01 | Crear | Villager (Male) |
| 0:01 | Crear | Villager (Male) |
| 0:01 | Crear | Villager (Male) |
| 0:01 | Crear | Villager (Male) |
| 0:02 | Construir | House |
| 0:04 | Construir | House |
| 1:29 | Crear | Villager (Male) |
| 1:29 | Crear | Villager (Male) |
| 2:03 | Crear | Villager (Male) |
| 2:08 | Construir | Lumber Camp |
| 2:16 | Crear | Villager (Male) |
| 2:16 | Crear | Villager (Male) |
| 2:59 | Crear | Villager (Male) |
| 3:39 | Crear | Villager (Male) |
| 4:10 | Crear | Villager (Male) |
| 4:10 | Crear | Villager (Male) |
| 4:11 | Crear | Villager (Male) |
| 4:19 | Construir | House |
| 4:42 | Crear | Villager (Male) |
| 4:42 | Crear | Villager (Male) |
| 4:46 | Crear | Villager (Male) |
| 4:46 | Crear | Villager (Male) |
| 5:12 | Crear | Villager (Male) |
| 5:35 | Construir | Dock |
| 5:44 | Crear | Villager (Male) |
| 5:59 | Construir | House |
| 6:20 | Crear | Villager (Male) |
| 6:22 | Crear | Fishing Ship |
| 6:36 | Crear | Fishing Ship |
| 7:12 | Construir | Mill |
| 7:32 | Construir | House |
| 7:42 | Crear | Villager (Male) |
| 7:42 | Crear | Villager (Male) |
| 7:48 | Crear | Fishing Ship |
| 8:34 | Crear | Fishing Ship |
| 8:35 | Crear | Villager (Male) |
| 8:44 | Construir | Mining Camp |
| 9:04 | Crear | Villager (Male) |
| 9:29 | Crear | Fishing Ship |
| 9:37 | Crear | Villager (Male) |
| 9:40 | Investigar | Feudal Age |
| 10:12 | Crear | Fishing Ship |
| 10:18 | Construir | House |
| 11:13 | Crear | Fishing Ship |
| 11:50 | Edad | Edad Feudal |
| 11:52 | Crear | Villager (Male) |
| 11:52 | Crear | Villager (Male) |
| 12:00 | Construir | Market |
| 12:03 | Construir | Blacksmith |
| 12:28 | Construir | Fish Trap |
| 12:37 | Construir | Fish Trap |
| 12:54 | Investigar | Castle Age |
| 12:58 | Investigar | Double-Bit Axe |
| 13:24 | Investigar | Tech 906 |
| 13:51 | Construir | Lumber Camp |
| 14:12 | Crear | Villager (Male) |
| 14:15 | Construir | House |
| 14:38 | Construir | Fish Trap |
| 14:40 | Construir | Fish Trap |
| 14:45 | Construir | Fish Trap |
| 14:47 | Construir | Fish Trap |
| 14:52 | Construir | House |
| 15:20 | Construir | Fish Trap |
| 15:34 | Edad | Edad de los Castillos |
| 15:36 | Investigar | Wheelbarrow |
| 15:50 | Construir | Town Center |
| 15:57 | Crear | Villager (Male) |
| 16:15 | Construir | Town Center |
| 16:25 | Crear | Fishing Ship |
| 16:31 | Investigar | Bow Saw |
| 16:34 | Crear | Villager (Male) |
| 16:39 | Crear | Villager (Male) |
| 16:53 | Crear | Fishing Ship |
| 17:04 | Investigar | Gold Mining |
| 17:18 | Investigar | Horse Collar |
| 17:21 | Crear | Villager (Male) |
| 17:31 | Crear | Villager (Male) |
| 17:32 | Crear | Villager (Male) |
| 17:32 | Crear | Villager (Male) |
| 17:38 | Construir | Fish Trap |
| 17:41 | Crear | Fishing Ship |
| 17:45 | Investigar | Gillnets |
| 17:48 | Crear | Villager (Male) |
| 17:49 | Crear | Villager (Male) |
| 18:02 | Crear | Villager (Male) |
| 18:05 | Crear | Villager (Male) |
| 18:14 | Construir | Dock |
| 18:19 | Crear | Fishing Ship |
| 18:21 | Crear | Villager (Male) |
| 18:31 | Construir | Farm |
| 18:31 | Construir | Farm |
| 18:31 | Construir | Farm |
| 18:31 | Construir | Farm |
| 18:41 | Construir | Farm |
| 18:46 | Construir | House |
| 18:48 | Construir | House |
| 18:57 | Crear | Villager (Male) |
| 19:00 | Crear | Villager (Male) |
| 19:03 | Construir | Fish Trap |
| 19:05 | Construir | House |
| 19:12 | Crear | Villager (Male) |
| 19:12 | Crear | Villager (Male) |
| 19:14 | Construir | House |
| 19:24 | Construir | Farm |
| 19:27 | Construir | Farm |
| 19:27 | Construir | Farm |
| 19:27 | Construir | Farm |
| 19:28 | Construir | Farm |
| 19:29 | Crear | Villager (Male) |
| 19:32 | Crear | Fishing Ship |
| 19:39 | Crear | Villager (Male) |
| 19:47 | Crear | Fishing Ship |
| 19:50 | Construir | House |
| 19:59 | Crear | Villager (Male) |
| 20:13 | Construir | Dock |
| 20:16 | Construir | Fish Trap |
| 20:17 | Crear | Fishing Ship |
| 20:18 | Crear | Fishing Ship |
| 20:18 | Crear | Fishing Ship |
| 20:18 | Crear | Villager (Male) |
| 20:19 | Crear | Villager (Male) |
| 20:19 | Crear | Villager (Male) |
| 20:29 | Crear | Villager (Male) |
| 20:33 | Construir | Fish Trap |
| 20:36 | Crear | Villager (Male) |
| 20:38 | Construir | Farm |
| 20:42 | Crear | Villager (Male) |
| 20:46 | Construir | Town Center |
| 20:54 | Construir | Farm |
| 20:56 | Crear | Fishing Ship |
| 20:57 | Crear | Villager (Male) |
| 20:58 | Crear | Villager (Male) |
| 20:58 | Crear | Villager (Male) |
| 21:00 | Crear | Villager (Male) |
| 21:00 | Crear | Villager (Male) |
| 21:01 | Crear | Villager (Male) |
| 21:08 | Construir | Fish Trap |
| 21:10 | Construir | House |
| 21:16 | Construir | Fish Trap |
| 21:18 | Crear | Fishing Ship |
| 21:19 | Crear | Fishing Ship |
| 21:21 | Crear | Villager (Male) |
| 21:21 | Crear | Villager (Male) |
| 21:22 | Crear | Villager (Male) |
| 21:23 | Construir | Farm |
| 21:33 | Construir | Farm |
| 21:33 | Construir | Farm |
| 21:34 | Construir | Farm |
| 21:35 | Crear | Villager (Male) |
| 21:42 | Crear | Villager (Male) |
Build order — 星馬烈
121 acciones detectadas en el replay
| 0:01 | Crear | Villager (Male) |
| 0:03 | Construir | House |
| 0:05 | Construir | House |
| 0:06 | Construir | House |
| 0:08 | Crear | Villager (Male) |
| 0:18 | Crear | Villager (Male) |
| 0:18 | Crear | Villager (Male) |
| 0:35 | Investigar | Loom |
| 0:49 | Crear | Villager (Male) |
| 0:49 | Crear | Villager (Male) |
| 1:33 | Construir | Palisade Wall |
| 1:54 | Crear | Villager (Male) |
| 2:37 | Construir | Palisade Wall |
| 2:41 | Crear | Villager (Male) |
| 2:57 | Construir | Palisade Wall |
| 3:07 | Crear | Villager (Male) |
| 3:07 | Crear | Villager (Male) |
| 3:32 | Crear | Villager (Male) |
| 3:52 | Crear | Villager (Male) |
| 4:10 | Crear | Villager (Male) |
| 4:29 | Crear | Villager (Male) |
| 4:50 | Crear | Villager (Male) |
| 5:09 | Construir | Lumber Camp |
| 5:31 | Crear | Villager (Male) |
| 5:48 | Investigar | Double-Bit Axe |
| 5:56 | Crear | Villager (Male) |
| 6:22 | Crear | Villager (Male) |
| 6:43 | Construir | House |
| 6:46 | Construir | House |
| 6:48 | Crear | Villager (Male) |
| 7:01 | Construir | Mill |
| 7:14 | Crear | Villager (Male) |
| 7:37 | Crear | Villager (Male) |
| 7:38 | Crear | Villager (Male) |
| 7:48 | Crear | Villager (Male) |
| 8:01 | Crear | Villager (Male) |
| 8:12 | Crear | Villager (Male) |
| 9:01 | Construir | Mining Camp |
| 9:04 | Crear | Villager (Male) |
| 9:52 | Crear | Villager (Male) |
| 10:18 | Construir | Mining Camp |
| 10:32 | Investigar | Feudal Age |
| 11:19 | Crear | Villager (Male) |
| 11:19 | Crear | Villager (Male) |
| 12:12 | Construir | House |
| 12:40 | Crear | Villager (Male) |
| 12:47 | Edad | Edad Feudal |
| 12:50 | Construir | Blacksmith |
| 12:53 | Construir | Market |
| 13:51 | Investigar | Bow Saw |
| 14:08 | Investigar | Castle Age |
| 14:31 | Investigar | Gold Mining |
| 14:52 | Construir | House |
| 14:53 | Construir | House |
| 14:58 | Investigar | Horse Collar |
| 15:30 | Construir | Lumber Camp |
| 15:38 | Investigar | Heavy Plow |
| 16:11 | Crear | Villager (Male) |
| 16:11 | Crear | Villager (Male) |
| 16:48 | Edad | Edad de los Castillos |
| 16:49 | Construir | Mining Camp |
| 17:08 | Construir | Castle |
| 17:22 | Crear | Villager (Male) |
| 17:37 | Construir | Farm |
| 17:41 | Construir | Farm |
| 17:45 | Construir | Farm |
| 17:56 | Construir | Farm |
| 17:57 | Crear | Villager (Male) |
| 18:05 | Construir | Town Center |
| 18:09 | Construir | Town Center |
| 18:17 | Crear | Villager (Male) |
| 18:29 | Construir | Palisade Gate |
| 18:31 | Crear | Villager (Male) |
| 18:35 | Construir | Farm |
| 18:38 | Construir | Farm |
| 18:39 | Construir | Farm |
| 18:55 | Crear | Villager (Male) |
| 19:03 | Construir | Farm |
| 19:06 | Construir | Farm |
| 19:23 | Crear | Villager (Male) |
| 19:26 | Investigar | Town Watch |
| 19:28 | Investigar | Wheelbarrow |
| 19:33 | Construir | Farm |
| 19:36 | Construir | Farm |
| 19:42 | Construir | Farm |
| 19:57 | Construir | Farm |
| 20:01 | Crear | Villager (Male) |
| 20:01 | Crear | Villager (Male) |
| 20:07 | Construir | Farm |
| 20:23 | Crear | Villager (Male) |
| 20:23 | Crear | Villager (Male) |
| 20:44 | Crear | Coustillier |
| 20:50 | Construir | Farm |
| 20:56 | Investigar | Scale Barding Armor |
| 20:58 | Crear | Villager (Male) |
| 21:03 | Construir | Monastery |
| 21:12 | Crear | Coustillier |
| 21:14 | Construir | Farm |
| 21:21 | Construir | Farm |
| 21:26 | Crear | Villager (Male) |
| 21:28 | Construir | Siege Workshop |
| 21:33 | Crear | Coustillier |
| 21:34 | Crear | Villager (Male) |
| 21:34 | Crear | Villager (Male) |
| 21:52 | Crear | Monk |
| 21:53 | Crear | Villager (Male) |
| 22:03 | Crear | Villager (Male) |
| 22:10 | Crear | Villager (Male) |
| 22:13 | Construir | Farm |
| 22:15 | Construir | Farm |
| 22:21 | Construir | Farm |
| 22:32 | Crear | Villager (Male) |
| 22:34 | Construir | House |
| 22:36 | Construir | House |
| 22:39 | Crear | Battering Ram |
| 22:40 | Crear | Coustillier |
| 22:43 | Crear | Villager (Male) |
| 22:48 | Crear | Villager (Male) |
| 23:17 | Crear | Villager (Male) |
| 23:26 | Crear | Villager (Male) |
| 23:46 | Crear | Villager (Male) |
Build order — man
Primeras 150 de 166 acciones detectadas
| 0:00 | Crear | Villager (Male) |
| 0:00 | Crear | Villager (Male) |
| 0:00 | Crear | Villager (Male) |
| 0:01 | Crear | Villager (Male) |
| 0:02 | Construir | House |
| 0:03 | Construir | House |
| 1:29 | Crear | Villager (Male) |
| 1:56 | Crear | Villager (Male) |
| 2:22 | Crear | Villager (Male) |
| 2:23 | Crear | Villager (Male) |
| 2:23 | Crear | Villager (Male) |
| 3:01 | Construir | House |
| 3:04 | Construir | Lumber Camp |
| 3:23 | Crear | Villager (Male) |
| 3:23 | Crear | Villager (Male) |
| 3:23 | Crear | Villager (Male) |
| 3:23 | Crear | Villager (Male) |
| 4:24 | Construir | Palisade Wall |
| 4:27 | Crear | Villager (Male) |
| 4:30 | Crear | Villager (Male) |
| 4:30 | Crear | Villager (Male) |
| 4:37 | Investigar | Double-Bit Axe |
| 5:09 | Crear | Villager (Male) |
| 5:09 | Crear | Villager (Male) |
| 5:10 | Crear | Villager (Male) |
| 5:22 | Construir | Palisade Wall |
| 5:27 | Construir | Palisade Wall |
| 5:29 | Construir | Palisade Wall |
| 5:55 | Crear | Villager (Male) |
| 5:55 | Crear | Villager (Male) |
| 5:57 | Construir | House |
| 6:27 | Construir | Dock |
| 6:32 | Crear | Villager (Male) |
| 6:50 | Crear | Villager (Male) |
| 6:51 | Crear | Villager (Male) |
| 6:51 | Crear | Villager (Male) |
| 7:20 | Crear | Fishing Ship |
| 7:49 | Construir | Mill |
| 7:54 | Crear | Villager (Male) |
| 7:54 | Crear | Villager (Male) |
| 7:56 | Crear | Fishing Ship |
| 8:05 | Construir | House |
| 8:19 | Crear | Villager (Male) |
| 8:19 | Crear | Villager (Male) |
| 8:46 | Crear | Fishing Ship |
| 9:12 | Construir | House |
| 9:27 | Crear | Fishing Ship |
| 9:54 | Construir | House |
| 10:04 | Crear | Villager (Male) |
| 10:41 | Crear | Villager (Male) |
| 11:33 | Crear | Villager (Male) |
| 11:38 | Construir | Mining Camp |
| 11:44 | Construir | Mill |
| 11:53 | Investigar | Feudal Age |
| 13:11 | Crear | Villager (Male) |
| 13:11 | Crear | Villager (Male) |
| 13:12 | Crear | Villager (Male) |
| 14:21 | Edad | Edad Feudal |
| 14:22 | Investigar | Bow Saw |
| 14:27 | Construir | Market |
| 14:31 | Construir | Blacksmith |
| 14:49 | Investigar | Horse Collar |
| 15:01 | Construir | Farm |
| 15:27 | Construir | Farm |
| 15:28 | Construir | Farm |
| 15:30 | Investigar | Heavy Plow |
| 15:36 | Construir | Farm |
| 15:39 | Construir | Farm |
| 15:40 | Investigar | Castle Age |
| 15:44 | Construir | Farm |
| 15:56 | Construir | House |
| 16:16 | Crear | Villager (Male) |
| 16:16 | Crear | Villager (Male) |
| 16:17 | Crear | Villager (Male) |
| 16:17 | Crear | Villager (Male) |
| 16:18 | Crear | Villager (Male) |
| 16:29 | Construir | Fish Trap |
| 16:31 | Construir | Fish Trap |
| 16:35 | Construir | Fish Trap |
| 16:42 | Construir | Fish Trap |
| 17:00 | Construir | Palisade Wall |
| 17:03 | Construir | Palisade Gate |
| 18:20 | Edad | Edad de los Castillos |
| 18:22 | Construir | Town Center |
| 18:28 | Construir | Town Center |
| 18:34 | Crear | Villager (Male) |
| 18:38 | Construir | Monastery |
| 18:47 | Construir | Farm |
| 18:51 | Construir | Farm |
| 18:54 | Construir | Farm |
| 19:03 | Construir | Farm |
| 19:18 | Construir | House |
| 19:27 | Crear | Monk |
| 19:27 | Crear | Monk |
| 19:32 | Crear | Villager (Male) ×5 |
| 19:43 | Crear | Villager (Male) ×5 |
| 19:45 | Crear | Villager (Male) |
| 19:53 | Construir | Farm |
| 19:56 | Construir | Farm |
| 20:02 | Construir | Farm |
| 20:03 | Crear | Fishing Ship |
| 20:05 | Construir | House |
| 20:12 | Crear | Villager (Male) |
| 20:13 | Crear | Villager (Male) |
| 20:16 | Construir | Farm |
| 20:22 | Construir | Farm |
| 20:31 | Crear | Villager (Male) |
| 20:34 | Construir | Farm |
| 20:39 | Construir | House |
| 20:44 | Construir | House |
| 20:45 | Construir | House |
| 20:47 | Crear | Villager (Male) |
| 20:48 | Crear | Villager (Male) |
| 20:54 | Construir | Fish Trap |
| 20:56 | Crear | Fishing Ship |
| 21:04 | Construir | Farm |
| 21:07 | Construir | Farm |
| 21:09 | Crear | Villager (Male) |
| 21:09 | Crear | Villager (Male) |
| 21:24 | Crear | Villager (Male) |
| 21:24 | Crear | Villager (Male) |
| 21:25 | Crear | Villager (Male) |
| 21:26 | Crear | Villager (Male) |
| 21:27 | Crear | Villager (Male) |
| 21:38 | Construir | Town Center |
| 21:42 | Crear | Villager (Male) |
| 21:42 | Crear | Villager (Male) |
| 21:51 | Construir | Farm |
| 21:55 | Investigar | Gold Mining |
| 21:56 | Crear | Villager (Male) |
| 21:57 | Crear | Villager (Male) |
| 22:02 | Crear | Fishing Ship |
| 22:16 | Construir | Fish Trap |
| 22:17 | Crear | Villager (Male) |
| 22:18 | Crear | Villager (Male) |
| 22:19 | Crear | Villager (Male) |
| 22:31 | Crear | Villager (Male) |
| 22:33 | Crear | Villager (Male) |
| 22:45 | Construir | Farm |
| 22:46 | Construir | Farm |
| 22:46 | Construir | Farm |
| 22:59 | Construir | Town Center |
| 23:05 | Construir | Fish Trap |
| 23:07 | Crear | Villager (Male) ×5 |
| 23:12 | Investigar | Wheelbarrow |
| 23:13 | Crear | Villager (Male) |
| 23:13 | Crear | Villager (Male) |
| 23:14 | Crear | Villager (Male) |
| 23:15 | Crear | Villager (Male) |
| 23:20 | Construir | Farm |
Build order — HypeX
Primeras 150 de 160 acciones detectadas
| 0:03 | Crear | Villager (Male) |
| 0:03 | Crear | Villager (Male) |
| 0:03 | Crear | Villager (Male) |
| 0:05 | Construir | House |
| 0:07 | Construir | House |
| 0:34 | Crear | Villager (Male) |
| 1:32 | Construir | Lumber Camp |
| 1:39 | Crear | Villager (Male) |
| 1:39 | Crear | Villager (Male) |
| 2:09 | Crear | Villager (Male) |
| 2:09 | Crear | Villager (Male) |
| 2:23 | Crear | Villager (Male) |
| 2:24 | Crear | Villager (Male) |
| 2:53 | Crear | Villager (Male) |
| 2:53 | Crear | Villager (Male) |
| 3:28 | Construir | House |
| 3:50 | Crear | Villager (Male) |
| 3:50 | Crear | Villager (Male) |
| 4:04 | Construir | Mill |
| 4:12 | Crear | Villager (Male) |
| 4:13 | Crear | Villager (Male) |
| 4:45 | Crear | Villager (Male) |
| 4:45 | Crear | Villager (Male) |
| 4:58 | Crear | Villager (Male) |
| 4:59 | Crear | Villager (Male) |
| 5:16 | Crear | Villager (Male) |
| 5:16 | Crear | Villager (Male) |
| 5:50 | Crear | Villager (Male) |
| 5:51 | Crear | Villager (Male) |
| 6:16 | Construir | House |
| 6:22 | Crear | Villager (Male) |
| 6:23 | Crear | Villager (Male) |
| 6:23 | Crear | Villager (Male) |
| 7:07 | Crear | Villager (Male) |
| 7:55 | Construir | Farm |
| 7:56 | Construir | Farm |
| 8:11 | Construir | Mining Camp |
| 8:19 | Crear | Villager (Male) |
| 8:33 | Investigar | Feudal Age |
| 8:45 | Construir | Farm |
| 8:53 | Crear | Villager (Male) |
| 8:54 | Crear | Villager (Male) |
| 10:43 | Edad | Edad Feudal |
| 10:48 | Construir | Market |
| 11:03 | Construir | Blacksmith |
| 11:50 | Investigar | Castle Age |
| 11:59 | Construir | Farm |
| 12:02 | Construir | Farm |
| 12:22 | Construir | House |
| 12:48 | Crear | Villager (Male) |
| 12:49 | Crear | Villager (Male) |
| 12:53 | Construir | House |
| 12:55 | Investigar | Double-Bit Axe |
| 13:07 | Investigar | Horse Collar |
| 13:31 | Construir | Palisade Wall |
| 13:39 | Crear | Villager (Male) |
| 14:30 | Edad | Edad de los Castillos |
| 14:34 | Construir | Town Center |
| 15:17 | Construir | Town Center |
| 15:19 | Crear | Villager (Male) |
| 15:19 | Crear | Villager (Male) |
| 15:33 | Crear | Villager (Male) |
| 15:41 | Construir | Mining Camp |
| 15:49 | Crear | Villager (Male) |
| 16:01 | Investigar | Bow Saw |
| 16:06 | Crear | Villager (Male) |
| 16:06 | Crear | Villager (Male) |
| 16:41 | Crear | Villager (Male) |
| 16:41 | Crear | Villager (Male) |
| 16:48 | Construir | Farm |
| 16:50 | Construir | Farm |
| 16:52 | Construir | Farm |
| 16:54 | Construir | Farm |
| 17:02 | Construir | Farm |
| 17:04 | Construir | Farm |
| 17:17 | Construir | Stone Wall |
| 17:23 | Crear | Villager (Male) |
| 17:32 | Crear | Villager (Male) |
| 17:32 | Crear | Villager (Male) |
| 17:40 | Construir | Farm |
| 17:42 | Construir | Farm |
| 17:53 | Crear | Villager (Male) |
| 17:54 | Crear | Villager (Male) |
| 17:59 | Construir | Farm |
| 18:02 | Construir | Farm |
| 18:14 | Construir | Farm |
| 18:17 | Crear | Villager (Male) |
| 18:23 | Crear | Villager (Male) |
| 18:24 | Crear | Villager (Male) |
| 18:27 | Construir | House |
| 18:29 | Construir | House |
| 18:43 | Crear | Villager (Male) |
| 18:43 | Crear | Villager (Male) |
| 18:46 | Crear | Villager (Male) |
| 18:47 | Crear | Villager (Male) |
| 18:52 | Construir | Farm |
| 18:54 | Construir | Farm |
| 19:01 | Construir | House |
| 19:04 | Crear | Villager (Male) |
| 19:04 | Crear | Villager (Male) |
| 19:09 | Crear | Villager (Male) |
| 19:12 | Construir | Farm |
| 19:24 | Crear | Villager (Male) |
| 19:24 | Crear | Villager (Male) |
| 19:31 | Construir | Farm |
| 19:37 | Crear | Villager (Male) |
| 19:47 | Construir | Farm |
| 19:48 | Construir | Farm |
| 19:50 | Crear | Villager (Male) |
| 19:51 | Crear | Villager (Male) |
| 19:51 | Crear | Villager (Male) |
| 19:53 | Construir | Farm |
| 19:56 | Construir | Farm |
| 20:00 | Construir | Mining Camp |
| 20:05 | Crear | Villager (Male) |
| 20:05 | Crear | Villager (Male) |
| 20:09 | Crear | Villager (Male) |
| 20:09 | Crear | Villager (Male) |
| 20:18 | Construir | Barracks |
| 20:21 | Crear | Villager (Male) |
| 20:21 | Crear | Villager (Male) |
| 20:22 | Crear | Villager (Male) |
| 20:41 | Crear | Villager (Male) |
| 20:41 | Crear | Villager (Male) |
| 20:50 | Construir | Barracks |
| 20:53 | Crear | Villager (Male) |
| 20:53 | Crear | Villager (Male) |
| 20:53 | Crear | Villager (Male) |
| 21:04 | Construir | Farm |
| 21:05 | Crear | Villager (Male) |
| 21:06 | Crear | Villager (Male) |
| 21:15 | Construir | Monastery |
| 21:37 | Construir | Archery Range |
| 21:42 | Crear | Villager (Male) |
| 21:43 | Crear | Villager (Male) |
| 21:43 | Crear | Villager (Male) |
| 21:43 | Crear | Villager (Male) |
| 21:47 | Construir | House |
| 21:51 | Investigar | Wheelbarrow |
| 21:53 | Crear | Villager (Male) |
| 21:54 | Crear | Villager (Male) |
| 21:57 | Construir | Farm |
| 22:00 | Construir | House |
| 22:10 | Crear | Villager (Male) |
| 22:10 | Crear | Villager (Male) |
| 22:12 | Crear | Villager (Male) |
| 22:12 | Crear | Villager (Male) |
| 22:18 | Crear | Villager (Male) |
| 22:18 | Crear | Villager (Male) |
| 22:31 | Crear | Villager (Male) |
Build order — 胡
71 acciones detectadas en el replay
| 0:16 | Crear | Villager (Male) |
| 0:16 | Crear | Villager (Male) |
| 0:17 | Crear | Villager (Male) |
| 0:17 | Crear | Villager (Male) |
| 0:17 | Crear | Villager (Male) |
| 0:24 | Construir | House |
| 0:26 | Construir | House |
| 0:27 | Construir | House |
| 0:29 | Construir | House |
| 0:52 | Construir | Settlement |
| 1:02 | Investigar | Loom |
| 1:06 | Crear | Villager (Male) |
| 1:06 | Crear | Villager (Male) |
| 1:06 | Crear | Villager (Male) |
| 1:07 | Crear | Villager (Male) |
| 1:07 | Crear | Villager (Male) |
| 2:55 | Crear | Villager (Male) |
| 3:57 | Construir | Palisade Wall |
| 4:14 | Crear | Villager (Male) |
| 4:14 | Crear | Villager (Male) |
| 4:14 | Crear | Villager (Male) |
| 4:15 | Crear | Villager (Male) |
| 4:40 | Crear | Villager (Male) |
| 5:08 | Crear | Villager (Male) |
| 5:40 | Construir | Palisade Wall |
| 6:24 | Crear | Villager (Male) |
| 6:24 | Crear | Villager (Male) |
| 6:25 | Crear | Villager (Male) |
| 7:55 | Construir | Settlement |
| 10:12 | Construir | Barracks |
| 10:58 | Investigar | Feudal Age |
| 11:47 | Construir | Settlement |
| 12:07 | Construir | Barracks |
| 12:25 | Crear | Villager (Male) |
| 12:25 | Crear | Villager (Male) |
| 12:25 | Crear | Villager (Male) |
| 12:26 | Crear | Villager (Male) |
| 12:26 | Crear | Villager (Male) |
| 12:26 | Crear | Villager (Male) |
| 13:08 | Edad | Edad Feudal |
| 13:23 | Construir | Stone Wall |
| 13:32 | Construir | Stone Wall |
| 13:41 | Crear | Villager (Male) |
| 13:41 | Crear | Villager (Male) |
| 14:45 | Construir | Market |
| 14:58 | Investigar | Horse Collar |
| 15:46 | Construir | Farm |
| 15:48 | Construir | Farm |
| 17:11 | Construir | Archery Range |
| 17:31 | Crear | Villager (Male) |
| 17:31 | Crear | Villager (Male) |
| 17:52 | Construir | Farm |
| 17:54 | Construir | Farm |
| 17:55 | Construir | Farm |
| 17:58 | Construir | Farm |
| 19:42 | Construir | Barracks |
| 19:51 | Investigar | Castle Age |
| 20:55 | Construir | Stone Wall |
| 21:14 | Crear | Spearman |
| 21:14 | Crear | Spearman |
| 21:14 | Crear | Spearman |
| 21:15 | Crear | Spearman |
| 21:15 | Crear | Spearman |
| 21:16 | Crear | Spearman |
| 21:16 | Crear | Spearman |
| 21:16 | Crear | Spearman |
| 21:16 | Crear | Spearman |
| 21:17 | Crear | Spearman |
| 21:17 | Crear | Spearman |
| 21:17 | Crear | Spearman |
| 21:18 | Crear | Spearman |
Cronología de la partida
| 1:33 | 星馬烈 · wall_segment Palisade Wall x8 |
| 2:16 | huanhong · wall_segment Palisade Wall x13 |
| 2:37 | 星馬烈 · wall_segment Palisade Wall x1 |
| 2:57 | 星馬烈 · wall_segment Palisade Wall x8 |
| 3:00 | dtsadi · wall_segment Palisade Wall x2 |
| 3:02 | dtsadi · wall_segment Palisade Wall x1 |
| 3:24 | dtsadi · wall_segment Palisade Wall x6 |
| 3:42 | huanhong · wall_segment Palisade Wall x1 |
| 3:57 | 胡 · wall_segment Palisade Wall x10 |
| 3:59 | dtsadi · wall_segment Palisade Wall x1 |
| 4:01 | dtsadi · wall_segment Palisade Wall x1 |
| 4:24 | man · wall_segment Palisade Wall x8 |
| 4:41 | dtsadi · wall_segment Palisade Wall x7 |
| 5:22 | man · wall_segment Palisade Wall x1 |
| 5:27 | man · wall_segment Palisade Wall x1 |
| 5:29 | man · wall_segment Palisade Wall x1 |
| 5:35 | gakkin · first_building Dock |
| 5:40 | 胡 · wall_segment Palisade Wall x11 |
| 6:27 | man · first_building Dock |
| 8:34 | dtsadi · first_building Dock |
| 10:12 | 胡 · first_building Barracks |
| 10:41 | Rizzy-Woo · age_up feudal |
| 10:43 | HypeX · age_up feudal |
| 11:50 | gakkin · age_up feudal |
| 11:50 | dtsadi · age_up feudal |
| 12:47 | 星馬烈 · age_up feudal |
| 13:04 | huanhong · age_up feudal |
| 13:08 | 胡 · age_up feudal |
| 13:23 | 胡 · wall_segment Stone Wall x12 |
| 13:31 | HypeX · wall_segment Palisade Wall x10 |
| 13:32 | 胡 · wall_segment Stone Wall x12 |
| 13:42 | dtsadi · wall_segment Stone Wall x7 |
| 14:10 | dtsadi · wall_segment Stone Wall x9 |
| 14:20 | huanhong · wall_segment Stone Wall x6 |
| 14:21 | man · age_up feudal |
| 14:23 | huanhong · wall_segment Stone Wall x6 |
| 14:28 | Rizzy-Woo · age_up castle |
| 14:30 | HypeX · age_up castle |
| 15:34 | gakkin · age_up castle |
| 15:38 | HypeX · first_market_buy 100 wood |
| 16:43 | huanhong · age_up castle |
| 16:48 | 星馬烈 · age_up castle |
| 17:00 | man · wall_segment Palisade Wall x8 |
| 17:05 | dtsadi · age_up castle |
| 17:08 | 星馬烈 · first_building Castle |
| 17:11 | 胡 · first_building Archery Range |
| 17:17 | HypeX · wall_segment Stone Wall x10 |
| 17:46 | Rizzy-Woo · first_market_buy 100 stone |
| 18:00 | 星馬烈 · first_market_buy 100 stone |
| 18:20 | man · age_up castle |
| 18:38 | man · first_building Monastery |
| 19:04 | huanhong · wall_segment Stone Wall x4 |
| 19:09 | huanhong · wall_segment Stone Wall x4 |
| 19:11 | huanhong · wall_segment Stone Wall x6 |
| 20:18 | HypeX · first_building Barracks |
| 20:37 | huanhong · first_building Siege Workshop |
| 20:55 | 胡 · wall_segment Stone Wall x1 |
| 21:03 | 星馬烈 · first_building Monastery |
| 21:15 | HypeX · first_building Monastery |
| 21:27 | huanhong · wall_segment Stone Wall x9 |
| 21:28 | 星馬烈 · first_building Siege Workshop |
| 21:31 | huanhong · wall_segment Stone Wall x6 |
| 21:37 | HypeX · first_building Archery Range |
| 21:58 | 胡 · resign |
| 22:36 | Rizzy-Woo · first_building Monastery |
| 23:14 | HypeX · wall_segment Stone Wall x10 |
| 24:00 | huanhong · first_building Barracks |
[ ANÁLISIS IA · 1 CRÉDITO ]
¿Qué pasó realmente en esta partida?
Wolo.gg analiza cada decisión: build order, eco, micro, errores típicos por bracket. Análisis personalizado por WhatsApp o Discord en 30 segundos.
Guía civ
Vikingos
Guía mapa
Black Forest
Perfil
Jugador #743514